 Dungeon Crawl Stone Soup version 0.22.1-2-g9c5b331383 (webtiles) character file.

292 EvilAshe the Slasher (level 6, -2/48 HPs)
             Began as a Human Fighter on Dec 2, 2018.
             Slain by an iron imp (4 damage)
             ... summoned by Eustachio
             ... on level 4 of the Dungeon.
             The game lasted 00:14:51 (5289 turns).

EvilAshe the Slasher (Human Fighter)                Turns: 5289, Time: 00:14:52

Health: -2/48      AC:  7    Str: 19      XL:     6   Next: 59%
Magic:  6/6        EV:  7    Int:  4      God:
Gold:   109        SH:  9    Dex: 10 (12) Spells: 5/5 levels left

rFire    . . .     SeeInvis .   a - +0 long sword
rCold    . . .     Gourm    .   c - +0 shield
rNeg     . . .     Faith    .   y - +0 scale mail
rPois    .         Spirit   .   (no helmet)
rElec    .         Reflect  .   (no cloak)
rCorr    .         Harm     .   (no gloves)
MR       .....                  (no boots)
Stlth    ..........             t - amulet of the acrobat
HPRegen  0.16/turn              v - -4 ring of intelligence (curse)
MPRegen  0.10/turn              (no ring)

@: no status effects
A: no striking features
a: no special abilities


You were on level 4 of the Dungeon.
You were hungry.

You visited 1 branch of the dungeon, and saw 4 of its levels.

You collected 109 gold pieces.

Inventory:

Hand Weapons
 a - a +0 long sword (weapon)
 b - a +1 hand crossbow
   (You found it on level 2 of the Dungeon)
Missiles
 i - 212 stones (quivered)
 w - 10 bolts
Armour
 c - a +0 shield (worn)
 y - a +0 scale mail (worn)
Jewellery
 t - an amulet of the acrobat (around neck)
   (You found it on level 3 of the Dungeon)
 v - a cursed -4 ring of intelligence (left hand)
   (You took it off an orc on level 3 of the Dungeon)
Wands
 p - a wand of polymorph (2)
   (You found it on level 2 of the Dungeon)
Scrolls
 k - a scroll of magic mapping {unknown}
 l - a scroll of remove curse {@r2}
 m - a scroll of teleportation {@r4}
 n - a scroll of fear {unknown}
 o - a scroll of enchant weapon
 x - a scroll of fog {unknown}
Potions
 d - a potion of flight {unknown}
 f - 3 potions of curing {@q1}
 g - a potion of degeneration {unknown}
 j - 2 potions of berserk rage
 q - a potion of magic {unknown}
 r - a potion of brilliance
 s - a potion of cancellation {unknown}
 u - a potion of heal wounds {@q2}
Comestibles
 e - 7 rations {!d}
 z - a chunk of flesh


   Skills:
 + Level 3.9 Fighting
 * Level 4.4 Long Blades
 + Level 4.0 Armour
 + Level 4.0 Shields


You had 5 spell levels left.
You didn't know any spells.
Your spell library contained the following spells:

 Spells                   Type           Power        Failure   Level  Hunger
 Confusing Touch          Hex            #.....       100%        1    ##.....
 Magic Dart               Conj           #...         100%        1    ##.....
 Blink                    Tloc           N/A          100%        2    ###....
 Call Imp                 Summ           #.......     100%        2    ###....
 Slow                     Hex            #.......     100%        2    ###....
 Confuse                  Hex            #.......     100%        3    ####...
 Conjure Flame            Conj/Fire      #.......     100%        3    ####...
 Gell's Gravitas          Tloc           #.........   100%        3    ####...
 Mephitic Cloud           Conj/Pois/Air  #.......     100%        3    ####...
 Petrify                  Tmut/Erth      #.......     100%        4    #####..
 Metabolic Englaciation   Hex/Ice        #.........   100%        5    ######.
 Yara's Violent Unravell  Hex/Tmut       #.........   100%        5    ######.


Dungeon Overview and Level Annotations

Branches:
Dungeon (4/15)
 Temple: D:4-7

Altars:
Ashenzari
Fedhas

Annotations:
D:1 1 runed door
D:4 Eustachio


Message History

The quasit claws you but does no damage.
The crimson imp barely misses you.
You hit the crimson imp but do no damage.
The quasit bites you but does no damage.
The quasit claws you but does no damage.
You block the quasit's attack. You block the crimson imp's attack.
You block the quasit's attack. The quasit claws you.
* * * LOW HITPOINT WARNING * * *
You feel clumsy. The quasit claws you.
* * * LOW HITPOINT WARNING * * *
Your shield prevents you from hitting the crimson imp.
The quasit bites you but does no damage.
The quasit barely misses you. You block the quasit's attack.
The crimson imp barely misses you.
You riposte.
You slash the crimson imp! The quasit bites you.
* * * LOW HITPOINT WARNING * * *
The quasit claws you but does no damage.
The quasit barely misses you.
You barely miss the crimson imp.
The crimson imp shouts, "Scamper home, thou foppish beetle-headed scut!"
The crimson imp hits you but does no damage.
You block the quasit's attack. The quasit claws you.
* * * LOW HITPOINT WARNING * * *
The quasit closely misses you.
The crimson imp blinks!
Your shield and scale mail prevent you from hitting the quasit.
You block the quasit's attack. The quasit barely misses you.
The quasit claws you but does no damage.
The crimson imp blinks!
Eustachio casts a spell.
You block the quasit's attack. The quasit claws you.
* * * LOW HITPOINT WARNING * * *
You feel clumsy.
The quasit claws you but does no damage.
The quasit disappears in a puff of smoke!
Eustachio closely misses you.
You riposte.
You closely miss Eustachio.
You see here a club.
You closely miss Eustachio. Eustachio hits you with a rapier.
* * * LOW HITPOINT WARNING * * *
You miss Eustachio.
An orc wizard comes into view. It is wielding a dagger.
Eustachio casts a spell.
You closely miss Eustachio.
Eustachio casts a spell.
Eustachio blinks!
Your shield and scale mail prevent you from hitting the iron imp.
The bat barely misses you. The iron imp hits you!
* * * LOW HITPOINT WARNING * * *
The bat hits you but does no damage. The iron imp hits you.
You die...

.. .. #. .# #. .#
#. .# #.#.# .
#...# # .. #'##
.#... #..###
#..... #.@5@####
#....
#.##bror###..#
#.#####.....#
#..# #..##.......
#####..####.##
#####..
##...#....#..#
##...........##
#............#
#............####


You could see Eustachio, an iron imp, an orc wizard, a quokka, a bat and a rat.

Vanquished Creatures
  2 orc priests
  2 orc wizards
  3 adders
  3 gnolls (D:3)
  An ooze (D:3)
  An adder skeleton (D:4)
  2 worms
  4 dart slugs
  4 leopard geckos
  13 orcs
  4 ball pythons
  3 giant cockroaches
  9 goblins
  8 hobgoblins
  2 jackals (D:3)
  9 kobolds
  A quokka (D:3)
  11 bats
  6 frilled lizards
  7 rats
95 creatures vanquished.

Notes
Turn   | Place    | Note
-------+----------+-------------------------------------------
     0 | D:1      | EvilAshe the Human Fighter began the quest for the Orb.
     0 | D:1      | Reached XP level 1. HP: 18/18 MP: 1/1
     1 | D:1      | Found a runed door.
   179 | D:1      | Reached XP level 2. HP: 24/24 MP: 2/2
   843 | D:1      | Reached XP level 3. HP: 29/29 MP: 3/3
  1373 | D:2      | Found a blossoming altar of Fedhas.
  1439 | D:2      | Found a faded altar of an unknown god.
  1487 | D:2      | Reached XP level 4. HP: 35/35 MP: 4/4
  2508 | D:3      | Reached XP level 5. HP: 41/41 MP: 5/5
  4160 | D:3      | Reached XP level 6. HP: 33/48 MP: 6/6
  5142 | D:4      | Found a shattered altar of Ashenzari.
  5201 | D:4      | Noticed Eustachio
  5289 | D:4      | HP: 2/48 [iron imp[Eustachio] (9)]
  5289 | D:4      | Slain by an iron imp

Skill      XL: |  1  2  3  4  5  6 |
---------------+-------------------+-----
Long Blades    | 3 4 |  4.4
Shields        | 4 |  4.0
Armour         | 4 |  4.0
Fighting       | |  3.9

Action                   |  1- 3 |  4- 6 || total
-------------------------+-------+-------++-------
Melee: Long sword        |   102 |   326 ||   428
 Fire: Hand crossbow     |       |     2 ||     2
Throw: Stone             |    13 |     4 ||    17
Evoke: Wand              |       |     6 ||     6
  Use: Potion            |     1 |       ||     1
       Scroll            |       |     8 ||     8
  Eat: Chunk             |     2 |    12 ||    14
Armor: Scale mail        |    41 |   144 ||   185
Dodge: Dodged            |    34 |   119 ||   153
Block: Shield            |    38 |   175 ||   213
       Rpst.: Long sword |     4 |    26 ||    30
